 Seeded DCSS version 0.29-a0-375-g5102b3be25 (webtiles) character file.

Game seed: 12277325093202877910 (custom seed)

480 zeratav the Bolt Thrower (level 7, 0/40 HPs)
             Began as a Tengu Hunter on May 3, 2022.
             Was an Initiate of Dithmenos.
             Succumbed to a gnoll's poison
             ... on level 4 of the Dungeon.
             The game lasted 00:04:48 (2786 turns).

zeratav the Bolt Thrower (Tengu Hunter)             Turns: 2786, Time: 00:04:49

Health: 0/40       AC:  7    Str: 12    XL:     7   Next: 11%
Magic:  8/8        EV: 14    Int:  9    God:    Dithmenos [......]
Gold:   225        SH:  0    Dex: 19    Spells: 6/6 levels left

rFire   . . .      SeeInvis .   l - +2 arbalest (vorpal) {crossbow}
rCold   . . .      Faith    .   (shield currently unavailable)
rNeg    . . .      Spirit   .   b - +0 leather armour
rPois   .          Reflect  .   (helmet restricted)
rElec   .          Harm     .   (no cloak)
rCorr   .          Rampage  .   (no gloves)
Will    .....                   (boots unavailable)
Stlth   ++........              (no amulet)
HPRegen 0.13/turn               i - +4 ring of protection
MPRegen 0.11/turn               (no ring)

@: lethally poisoned (0 -> -12), flying quickly and evasively, quick
A: beak, talons 3, nimble flight
a: Renounce Religion


You were on level 4 of the Dungeon.
You worshipped Dithmenos.
Dithmenos was noncommittal.
You visited 2 branches of the dungeon, and saw 5 of its levels.

You collected 225 gold pieces.


Innate Abilities, Weirdness & Mutations

You have a beak for a mouth.
You have claws for feet.
Your magical nature lets you fly swiftly and evasively.


   Skills:
 - Level 2.0 Fighting
 - Level 6.0 Bows
 + Level 6.6 Crossbows
 - Level 2.1 Dodging
 - Level 1.0 Stealth


You had 6 spell levels left.
You didn't know any spells.
Your spell library contained the following spells:

 Spells                   Type           Power      Damage    Failure   Level
 Pain                     Necr           0%         1d4       45%         1
 Agony                    Necr           0%         N/A       100%        5
 Excruciating Wounds      Necr           0%         N/A       100%        5

Inventory:

Hand Weapons
 a - a +1 shortbow {bow}
 l - a +2 vorpal arbalest (weapon) {crossbow}
   (You acquired it on level 3 of the Dungeon)
Armour
 b - a +0 leather armour (worn)
 d - a +0 leather armour
   (You found it on level 1 of the Dungeon)
 k - a +0 ring mail
   (You found it on level 1 of the Dungeon)
Jewellery
 i - a +4 ring of protection (left hand)
   (You found it on level 1 of the Dungeon)
 v - a ring of poison resistance
   (You found it on level 3 of the Dungeon)
Wands
 q - a wand of iceblast (8)
   (You found it on level 2 of the Dungeon)
Scrolls
 c - a scroll of immolation {!r!r}
 f - 6 scrolls of identify {@r1}
 g - a scroll of teleportation {unknown}
 h - 2 scrolls of poison {unknown}
 m - a scroll of noise {unknown}
 n - a scroll of brand weapon {unknown}
 r - a scroll of fog
 s - a scroll of amnesia {unknown}
 w - a scroll of fear {unknown}
 x - a scroll of vulnerability {unknown}
Potions
 e - 2 potions of attraction {unknown}
 j - a potion of flight
 o - a potion of might {unknown}
 p - 2 potions of heal wounds {unknown}
 t - a potion of mutation {unknown}
 u - a potion of resistance {unknown}
 z - a potion of curing {unknown}

Dungeon Overview and Level Annotations

Branches:
Dungeon (4/15)             Temple (1/1) D:4

Altars:
Ashenzari
Cheibriados
Dithmenos
Elyvilon
Fedhas
Gozag
Hepliaklqana
Kikubaaqudgha
Makhleb
Nemelex Xobeh
Okawaru
Ru
Sif Muna
Trog
Uskayaw
Vehumet
Wu Jian
Xom
Yredelemnul
Zin
The Shining One

#.##.##.#
#.......#
####†####
#.####
#.##.##
#.#...####
#........+
#)#...####
#@##.##
#.#######
#.###...#
#.......# #+#
#####...# #.#
##.## #.# #.#
#####.### #.#
#........
#.###.......#


There were no monsters in sight!


Message History

The gnoll shaman barely misses you.
The gnoll shaman hits you with a +0 whip!
HP[-5] MP[+1]
You now have 40 max hp (+5).
Your mp is fully restored (8).
Shoot: l) +2 arbalest (vorpal) {crossbow}
Press: ? - help, Q - select action, (/) - cycle Shift-Dir - straight line, f/p - gnoll shaman
Aim: a gnoll shaman, wielding a +0 whip and wearing a +0 leather armour (heavily wounded, 69% to hit)
You shoot a bolt. The bolt hits the gnoll shaman!
You kill the gnoll shaman!
Dithmenos accepts your kill. The gnoll barely misses you.
HP[+1] Shoot: l) +2 arbalest (vorpal) {crossbow}
Press: ? - help, Q - select action, (/) - cycle Shift-Dir - straight line, f - gnoll
Aim: a gnoll, wielding a +2 flail of venom and quivering a throwing net (69% to hit)
You shoot a bolt. The bolt barely misses the gnoll.
The gnoll hits you with a +2 flail of venom.
You are poisoned.
The gnoll barely misses you. The gnoll closely misses you.
The gnoll barely misses you.
HP[-2]
You take 2 damage, and now have 29/40 hp.
Shoot: l) +2 arbalest (vorpal) {crossbow}
Press: ? - help, Q - select action, (/) - cycle Shift-Dir - straight line, f/p - gnoll
Aim: a gnoll, wielding a +2 flail of venom and quivering a throwing net (69% to hit)
You shoot a bolt. The bolt barely misses the gnoll.
You feel very sick. The gnoll misses you. x2
HP[-4]
You take 4 damage, and now have 25/40 hp.
You feel sick.
The gnoll throws a throwing net.
The throwing net hits you.
You become entangled in the net!
You see here a throwing net {=fthrowing}.
HP[-1]
You take 1 damage, and now have 24/40 hp.
You cannot shoot with your arbalest while held in a net.
You cannot shoot with your arbalest while held in a net.
You struggle against the net.
You feel sick. The gnoll closely misses you.
HP[-2]
You take 2 damage, and now have 22/40 hp.
You tear a large gash into the net.
You feel sick. The gnoll hits you with a +0 whip.
* * * LOW HITPOINT WARNING * * *
HP[-2]
You take 2 damage, and now have 20/40 hp.
You struggle against the net.
You feel sick. The gnoll barely misses you.
You rip the net and break free!
You feel sick. The gnoll closely misses you.
HP[-1]
You take 1 damage, and now have 19/40 hp.
You feel sick.
HP[-1]
You take 1 damage, and now have 18/40 hp.
You feel sick.
You are no longer poisoned.
You see here a giant cockroach corpse.
HP[-1]
You take 1 damage, and now have 17/40 hp.
HP[+1] Shoot: l) +2 arbalest (vorpal) {crossbow}
Press: ? - help, Q - select action, (/) - cycle Shift-Dir - straight line, f/p - gnoll
Aim: a gnoll, wielding a +2 flail of venom (69% to hit)
You shoot a bolt. The bolt hits the gnoll!
The gnoll barely misses you.
Shoot: l) +2 arbalest (vorpal) {crossbow}
Press: ? - help, Q - select action, (/) - cycle Shift-Dir - straight line, f/p - gnoll
Aim: a gnoll, wielding a +2 flail of venom (69% to hit)
You shoot a bolt. The bolt barely misses the gnoll.
The bolt hits the gnoll!
The gnoll barely misses you.
Shoot: l) +2 arbalest (vorpal) {crossbow}
Press: ? - help, Q - select action, (/) - cycle Shift-Dir - straight line, f/p - gnoll
Aim: a gnoll, wielding a +2 flail of venom (severely wounded, 69% to hit)
You shoot a bolt. The bolt hits the gnoll!
You kill the gnoll!
Dithmenos accepts your kill. The gnoll barely misses you.
Shoot: l) +2 arbalest (vorpal) {crossbow}
Press: ? - help, Q - select action, (/) - cycle Shift-Dir - straight line, f/p - gnoll
Aim: a gnoll, wielding a +2 flail of venom (severely wounded, 69% to hit)
You shoot a bolt. The bolt hits the gnoll.
The gnoll hits you with a +2 flail of venom!
* * * LOW HITPOINT WARNING * * *
You are lethally poisoned!
HP[-10]
You take 10 damage, and now have 8/40 hp.
MASSIVE DAMAGE!! (PAUSE) Shoot: l) +2 arbalest (vorpal) {crossbow}
Press: ? - help, Q - select action, (/) - cycle Shift-Dir - straight line, f/p - gnoll
Aim: a gnoll, wielding a +2 flail of venom (severely wounded, 69% to hit)
You shoot a bolt. The bolt hits the gnoll!
You kill the gnoll!
Dithmenos accepts your kill.
* * * LOW HITPOINT WARNING * * *
You feel extremely sick.
HP[-6]
You take 6 damage, and now have 2/40 hp.
Unknown command.
It was a potion of flight.
You feel more buoyant.
You die...

Skill      XL: |  1  2  3  4  5  6 |
---------------+-------------------+-----
Bows           | 5 6 |  6.0
Crossbows      | 3 5 6 |  6.6
Fighting       | |  2.0
Dodging        | |  2.1
Stealth        | |  1.0

Action                   |  1- 3 |  4- 6 |  7- 9 || total
-------------------------+-------+-------+-------++-------
 Fire: Shortbow          |    69 |     3 |       ||    72
       Arbalest          |       |    78 |     9 ||    87
  Use: Scroll            |       |     3 |       ||     3
       Potion            |       |       |     1 ||     1
Armor: Leather armour    |     7 |    13 |       ||    20
Dodge: Dodged            |    14 |    28 |    13 ||    55

Levels and vault maps discovered:
D:1:      tarquinn_simple_flora_water_e, layout_basic, basic_ecumenical_altar,
          nicolae_concentric_dashed_squares_wild
D:2:      layout_basic
D:3:      layout_loops_ring
D:4:      layout_loops_corners, minmay_temple_entry_sparse_star
Temple:   dpeg_three_leaves_temple

Notes
Turn   | Place    | Note
-------+----------+-------------------------------------------
     0 | D:1      | zeratav the Tengu Hunter began the quest for the Orb.
     0 | D:1      | Reached XP level 1. HP: 12/12 MP: 2/2
     0 | D:1      | magus.rc [v1.9.6]
   188 | D:1      | Reached skill level 5 in Bows
   188 | D:1      | Reached XP level 2. HP: 17/17 MP: 3/3
   340 | D:1      | Reached XP level 3. HP: 21/21 MP: 4/4
   516 | D:1      | Found a faded altar of an unknown god.
   871 | D:2      | magus.rc [v1.9.6]
  1321 | D:3      | Reached skill level 6 in Bows
  1321 | D:3      | Reached XP level 4. HP: 23/26 MP: 5/5
  1391 | D:3      | Identified a scroll of acquirement
  1392 | D:3      | Acquired a +2 vorpal arbalest
  1423 | D:3      | Reached skill level 1 in Crossbows
  1721 | D:3      | Noticed a bullfrog
  1722 | D:3      | Killed a bullfrog
  1723 | D:3      | Reached skill level 3 in Crossbows
  1723 | D:3      | Gained mutation: Your magical nature lets you fly swiftly
                  | and evasively. [Tengu growth]
  1723 | D:3      | Reached XP level 5. HP: 30/30 MP: 6/6
  2043 | D:4      | Noticed a phantom
  2051 | D:4      | Killed a phantom
  2052 | D:4      | Reached skill level 4 in Crossbows
  2092 | D:4      | Noticed a black bear
  2095 | D:4      | Killed a black bear
  2096 | D:4      | Reached skill level 5 in Crossbows
  2096 | D:4      | Reached XP level 6. HP: 35/35 MP: 7/7
  2353 | D:4      | Found a staircase to the Ecumenical Temple.
  2370 | Temple   | Entered the Ecumenical Temple
  2440 | Temple   | Became a worshipper of Dithmenos the Shadowed
  2473 | D:4      | Reached skill level 6 in Crossbows
  2721 | D:4      | You pick up a book of Pain and begin reading...
  2721 | D:4      | You add the spells Pain, Agony and Excruciating Wounds to
                  | your library.
  2764 | D:4      | Reached XP level 7. HP: 40/40 MP: 8/8
  2784 | D:4      | HP: 8/40 [gnoll/+2 flail of venom[a gnoll shaman] (10)]
  2785 | D:4      | HP: 2/40 [poisoned by a gnoll]
  2786 | D:4      | Succumbed to a gnoll's poison

Vanquished Creatures
  A black bear (D:4)
  A phantom (D:4)
  A scorpion (D:4)
  A bullfrog (D:3)
  A gnoll shaman (D:4)
  An iguana (D:4)
  5 gnolls
  2 adders (D:3)
  3 dart slugs
  An orc (D:4)
  9 endoplasms
  4 giant cockroaches
  5 goblins
  3 hobgoblins
  10 jackals
  3 ball pythons
  6 bats
  4 frilled lizards
  8 kobolds
  5 rats
74 creatures vanquished.

Table legend:
 A = Non-vault XP
 B = Vault XP
 C = Vault XP percentage of total XP
 D = Non-vault monster count
 E = Vault monster count
 F = Vault count percentage of total count
                 A         B        C        D         E       F
            +---------+---------+-------+---------+---------+-------
      Total |     686 |       0 |   0.0 |      74 |       0 |   0.0
            +---------+---------+-------+---------+---------+-------
        D:1 |      54 |       0 |   0.0 |      25 |       0 |   0.0
        D:2 |      16 |       0 |   0.0 |       7 |       0 |   0.0
        D:3 |     131 |       0 |   0.0 |      16 |       0 |   0.0
        D:4 |     485 |       0 |   0.0 |      26 |       0 |   0.0
            +---------+---------+-------+---------+---------+-------

Illustrated notes

Table legend:
 A = Kills in this place as a percentage of kills in entire the game.
 B = Kills by you in this place as a percentage of kills by you in the entire game.
 C = Kills by friends in this place as a percentage of kills by friends in the entire game.
 D = Other kills in this place as a percentage of other kills in the entire game.
 E = Experience gained in this place as a percentage of experience gained in the entire game.
 F = Experience gained in this place divided by the number of levels of this place that you have seen.
                   A       B       C       D       E      F
               +-------+-------+-------+-------+-------+----------------------
         Total | 100.0 | 100.0 |   N/A |   N/A | 100.0 | 137.2
       Dungeon | 100.0 | 100.0 |   N/A |   N/A | 100.0 | 171.5
               +-------+-------+-------+-------+-------+----------------------

Table legend: (Time is in decaauts)
 A = Elapsed time spent in this place.
 B = Non-inter-level travel time spent in this place.
 C = Inter-level travel time spent in this place.
 D = Time resting spent in this place.
 E = Time spent auto-exploring this place.
 F = Levels seen in this place.
 G = Mean time per level.
                   A        B        C        D        E       F      G
               +--------+--------+--------+--------+--------+-----+--------+
         Total |   2779 |   2699 |     80 |      0 |   2322 |   5 |  555.8 |
       Dungeon |   2707 |   2642 |     65 |      0 |   2273 |   4 |  676.8 |
        Temple |     72 |     58 |     14 |      0 |     48 |   1 |   72.0 |
               +--------+--------+--------+--------+--------+-----+--------+

Top non-repeatable levels by time:
     D:1: 874 daAuts
     D:4: 705 daAuts
     D:3: 675 daAuts
     D:2: 451 daAuts
  Temple: 72 daAuts
